 Dungeon Crawl Stone Soup version 0.31.0-11-ge490571c62 (webtiles) character file.

Game seed: 4652015164593467838

73 hawla the Shield-Bearer (level 4, -3/60 HPs)
             Began as a Minotaur Fighter on Feb 10, 2024.
             Slain by a gnoll
             ... wielding a +0 whip
              (5 damage)
             ... on level 2 of the Dungeon.
             The game lasted 00:02:01 (818 turns).

hawla the Shield-Bearer (Minotaur Fighter)           Turns: 818, Time: 00:02:02

Health: -3/60      AC:  8    Str: 22    XL:     4   Next: 8%
Magic:  3/3        EV: 10    Int:  5    God:
Gold:   89         SH:  4    Dex: 10    Spells: 3/3 levels left

rFire   . . .        a - +0 war axe
rCold   . . .        c - +0 buckler
rNeg    . . .        b - +0 scale mail
rPois   .            (helmet restricted)
rElec   .            i - +0 cloak
rCorr   .            (no gloves)
SInv    .            (no boots)
Will    .....        (no amulet) Stlth
                     (no ring)
HPRegen 0.30/turn    (no ring)
MPRegen 0.08/turn

%: no passive effects
@: berserking, lethally poisoned (-3 -> -7), very quick
A: horns 2, retaliatory headbutt
a: no special abilities


You were on level 2 of the Dungeon.
You visited 1 branch of the dungeon, and saw 2 of its levels.

You collected 89 gold pieces.

Inventory:

Hand Weapons
 a - a +0 war axe (weapon)
Missiles
 h - 2 darts of dispersal (quivered)
Armour
 b - a +0 scale mail (worn)
 c - a +0 buckler (worn)
 i - a +0 cloak (worn)
Potions
 d - a potion of might
 g - 3 potions of curing {unknown}


   Skills:
 - Level 4.0 Fighting
 - Level 2.4 Axes
 - Level 3.6 Armour
 + Level 2.6 Dodging
 + Level 4.8 Shields


You had 3 spell levels left.
You didn't know any spells.
Your spell library was empty.

Dungeon Overview and Level Annotations

Branches:
Dungeon (2/15)

Altars:


Innate Abilities, Weirdness & Mutations

You have a pair of horns on your head.
You reflexively headbutt those who attack you in melee.


Message History

You kill the gnoll!
You closely miss the adder. You hit the gnoll. The adder bites you.
You are poisoned.
The adder poisons you! The gnoll hits you with a +0 whip. The adder bites you.
You are more poisoned.
The adder poisons you!
You have reached level 4!
You feel agile.
You closely miss the adder.
The adder is severely wounded.
You barely miss the gnoll.
You feel very sick. The adder bites you.
* * * LOW HITPOINT WARNING * * *
You are lethally poisoned!
The adder poisons you! The gnoll hits you but does no damage.
The adder barely misses you.
You closely miss the adder. Your headbutt misses the adder.
The adder is severely wounded.
You hit the gnoll but do no damage.
* * * LOW HITPOINT WARNING * * *
You feel very sick. The gnoll hits you but does no damage.
The adder bites you but does no damage. The gnoll hits you with a +0 whip.
* * * LOW HITPOINT WARNING * * *
It was a potion of berserk rage.
A red film seems to cover your vision as you go berserk!
You feel yourself moving faster!
You feel mighty!
* * * LOW HITPOINT WARNING * * *
You feel sick. The adder bites you.
* * * LOW HITPOINT WARNING * * *
The adder misses you. The gnoll hits you with a +0 whip.
* * * LOW HITPOINT WARNING * * *
You miss the adder.
The adder is severely wounded.
You barely miss the gnoll.
* * * LOW HITPOINT WARNING * * *
You feel sick. The adder bites you but does no damage.
The gnoll hits you with a +0 whip.
You die...

#.### #.
#...# #.
###.## # ..
#..# .. ###
##.# ... #
#.## .... #
#..# .?... #
#####g#......
#....@)......
#.....S##+###
#.........
#...........
#######......
)..... ......
.....#


You could see a gnoll and an adder.

Vanquished Creatures
  Jessica (D:2)
  2 gnolls (D:2)
  A dart slug (D:1)
  A ribbon worm (D:2)
  A ball python (D:1)
  2 endoplasms
  3 giant cockroaches (D:1)
  2 goblins (D:1)
  4 hobgoblins
  2 quokkas (D:2)
  A frilled lizard (D:1)
  2 rats (D:1)
22 creatures vanquished.

Notes
Turn   | Place    | Note
-------+----------+-------------------------------------------
     0 | D:1      | hawla the Minotaur Fighter began the quest for the Orb.
     0 | D:1      | Reached XP level 1. HP: 19/19 MP: 0/0
   224 | D:1      | Reached XP level 2. HP: 22/27 MP: 1/1
   269 | D:1      | Found a faded altar of an unknown god.
   436 | D:1      | Reached skill level 1 in Dodging
   637 | D:2      | Noticed Jessica
   650 | D:2      | Killed Jessica
   651 | D:2      | Reached XP level 3. HP: 22/33 MP: 2/2
   815 | D:2      | Reached XP level 4. HP: 17/40 MP: 3/3
   818 | D:2      | HP: 2/60 [poisoned by an adder]
   818 | D:2      | Slain by a gnoll

Illustrated notes

Levels and vault maps discovered:
D:1:      grunt_arrival_crossed_arrows, layout_loops_ring,
          ebering_ecumenical_altar_box
D:2:      layout_basic, chequers_avenue, uniq_jessica

Skill      XL: |  1  2 |
---------------+-------+-----
Fighting       | 4 |  4.0
Dodging        | 2 |  2.6
Shields        | 4 |  4.8
Axes           | |  2.4
Armour         | |  3.6

Action                     |  1- 3 |  4- 6 || total
---------------------------+-------+-------++-------
  Melee: War axe           |    45 |     3 ||    48
         Headbutt          |     5 |       ||     5
    Use: Scroll            |     1 |       ||     1
         Potion            |       |     1 ||     1
 Armour: Scale mail        |    39 |     9 ||    48
  Dodge: Dodged            |    25 |     2 ||    27
  Block: Buckler           |     8 |       ||     8
